 Dungeon Crawl Stone Soup version 0.31.0-12-g77e489cdc1 (webtiles) character file.

Game seed: 12537252331349647561

40 lordive the Changeling (level 3, 0/26 HPs)
             Began as a Merfolk Shapeshifter on Feb 28, 2024.
             Slain by a centaur (6 damage)
             ... on level 3 of the Dungeon.
             The game lasted 00:01:29 (957 turns).

lordive the Changeling (Merfolk Shapeshifter)        Turns: 957, Time: 00:01:30

Health: 0/26       AC:  2    Str: 14    XL:     3   Next: 50%
Magic:  3/3        EV: 13    Int:  9    God:
Gold:   68         SH:  0    Dex: 15    Spells: 2/2 levels left

rFire   . .          .
                       - Unarmed
rCold   . . .        (no shield)
rNeg    . . .        a - +0 animal skin
rPois   .            (helmet currently unavailable)
rElec   .            (cloak currently unavailable)
rCorr   .            (gloves currently unavailable)
SInv    .            (boots currently unavailable)
Will    .....        (no amulet)
Stlth   +            (no ring)
HPRegen 0.24/turn    (no ring)
MPRegen 0.08/turn

%: no passive effects
@: beast-form
A: beast (slay +2), (nimble swimmer 2), mertail
a: Begin Untransformation


You were on level 3 of the Dungeon.
You were a hulking beast.
You visited 1 branch of the dungeon, and saw 3 of its levels.

You collected 68 gold pieces.

Inventory:

Armour
 a - a +0 animal skin (worn)
Jewellery
 m - an amulet of faith
Talismans
 c - a beast talisman (active)
 d - a flux talisman
Scrolls
 e - a scroll of amnesia {unknown}
 f - 3 scrolls of identify {unknown}
 h - a scroll of noise {unknown}
 l - a scroll of teleportation {unknown}
Potions
 b - a potion of lignification
 g - a potion of brilliance {unknown}
 i - a potion of curing {unknown}
 j - a potion of might {unknown}
 k - a potion of mutation {unknown}


   Skills:
 + Level 1.4 Fighting
 + Level 3.1 Dodging
 + Level 3.9 Unarmed Combat
 + Level 4.7 Shapeshifting


You had 2 spell levels left.
You didn't know any spells.
Your spell library contained the following spells:

 Spells                   Type           Power      Damage    Failure   Level
 Apportation              Tloc           0%         N/A       38%         1
 Necrotise                Necr           0%         1d4       38%         1
 Sting                    Conj/Alch      0%         1d3       38%         1
 Summon Small Mammal      Summ           0%         N/A       38%         1


Dungeon Overview and Level Annotations

Branches:
Dungeon (2/15)

Altars:
Zin


Innate Abilities, Weirdness & Mutations

You are a hulking beast.
Your limbs bulge with bestial killing power. (Slay +2)
((You are very nimble when in or above water. (Stealth+, EV+, Speed+++)))
Your lower body shifts to a powerful aquatic tail in water.


Message History

The centaur shoots an arrow.
The arrow barely misses you.
You see here a +0 hand axe.
The centaur shoots an arrow.
The arrow barely misses you.
You hit the centaur.
The centaur is lightly wounded.
The centaur unwields a +0 orcbow.
The centaur misses you. The centaur barely misses you.
You closely miss the centaur.
The centaur is lightly wounded.
The centaur hits you. The centaur kicks you. The centaur hits you.
The centaur barely misses you.
You are too injured to fight recklessly!
You are too injured to fight recklessly!
You are too injured to fight recklessly!
You are too injured to fight recklessly!
You are too injured to fight recklessly!
You are too injured to fight recklessly!
You are too injured to fight recklessly!
You are too injured to fight recklessly!
You are too injured to fight recklessly!
You are too injured to fight recklessly!
You are too injured to fight recklessly!
You are too injured to fight recklessly!
You are too injured to fight recklessly!
You are too injured to fight recklessly!
You are too injured to fight recklessly!
You punch the centaur!
The centaur is heavily wounded.
The centaur hits you.
* * * LOW HITPOINT WARNING * * *
The centaur completely misses you.
You barely miss the centaur.
The centaur is heavily wounded.
The centaur hits you.
* * * LOW HITPOINT WARNING * * *
The centaur kicks you but does no damage.
You barely miss the centaur.
The centaur is heavily wounded.
The centaur hits you.
You die...

............
...[.......
##..........
#######...........
#....$............
#.................
#.................
#.†).hc......
#.#..........
#...........#
#....########
#....# ......#
..#....# .........
.# #.......


You could see a centaur.

Vanquished Creatures
  A dart slug (D:3)
  A ribbon worm (D:2)
  An endoplasm (D:1)
  A giant cockroach (D:2)
  3 hobgoblins
  2 jackals (D:1)
  3 quokkas
  4 ball pythons
  3 bats
  A frilled lizard (D:2)
  6 goblins
  4 kobolds (D:1)
  5 rats
35 creatures vanquished.

Notes
Turn   | Place    | Note
-------+----------+-------------------------------------------
     0 | D:1      | lordive the Merfolk Shapeshifter began the quest for the
                  | Orb.
     0 | D:1      | Reached XP level 1. HP: 15/15 MP: 1/1
   105 | D:1      | Reached XP level 2. HP: 13/21 MP: 2/2
   581 | D:1      | Found a faded altar of an unknown god.
   772 | D:2      | Reached XP level 3. HP: 25/26 MP: 3/3
   783 | D:2      | Found a glowing silver altar of Zin.
   935 | D:2      | You fall into a shaft and drop 1 floor!
   948 | D:3      | Noticed a centaur
   957 | D:3      | Slain by a centaur

Illustrated notes

Levels and vault maps discovered:
D:1:      dpeg_arrival_solitude, layout_loops_cross,
          chequers_ecumenical_altar_grove
D:2:      layout_basic, basic_altar, minmay_vboxes, uniq_crazy_yiuf_cottage
D:3:      layout_rooms, gammafunk_ghost_grave, uniq_jessica, uniq_ijyb

Skill      XL: |  1  2 |
---------------+-------+-----
Dodging        | 3 |  3.1
Fighting       | |  1.4
Unarmed Combat | |  3.9
Shapeshifting  | |  4.7

Action                     || total
---------------------------++-------
  Melee: Unarmed           ||    86
         Punch             ||     2
Ability: Begin Untransform ||     1
 Armour: Animal skin       ||    43
  Dodge: Dodged            ||    53
   Form: Beast             ||     1
